 Dungeon Crawl Stone Soup version 0.30-b1-2-g02819fbbbe (webtiles) character file.

Game seed: 5352220705786925764

96 rengeveta the Chopper (level 4, 0/37 HPs)
             Began as a Hill Orc Gladiator on Sept 21, 2023.
             Succumbed to Robin's poison
             ... on level 4 of the Dungeon.
             The game lasted 00:13:57 (2018 turns).

rengeveta the Chopper (Hill Orc Gladiator)          Turns: 2018, Time: 00:14:02

Health: 0/37       AC:  8    Str: 18    XL:     4   Next: 67%
Magic:  3/4        EV: 11    Int:  8    God:
Gold:   127        SH:  0    Dex: 12    Spells: 2/3 levels left

rFire   . . .        g - +6 mace "Vuso" {freeze, rC+ rCorr Stlth+}
rCold   + . .        (no shield)
rNeg    . . .        l - +0 ring mail
rPois   .            c - +0 helmet
rElec   .            p - +0 cloak
rCorr   +            (no gloves)
SInv    .            r - +0 pair of boots
Will    .....        (no amulet)
Stlth   ++           (no ring)
HPRegen 0.26/turn    (no ring)
MPRegen 0.09/turn

%: no passive effects
@: lethally poisoned (0 -> -11)
A: no striking features
a: no special abilities


You were on level 4 of the Dungeon.
You visited 1 branch of the dungeon, and saw 4 of its levels.

You collected 127 gold pieces.

Inventory:

Hand Weapons
 a - a +0 war axe
 f - a +2 heavy falchion
 g - the +6 mace "Vuso" (weapon) {freeze, rC+ rCorr Stlth+}
   (You found it on level 3 of the Dungeon)

   rC:        It protects you from cold.
   rCorr:     It protects you from acid and corrosion.
   Stlth:     It makes you more stealthy.
Missiles
 d - 4 throwing nets (quivered)
 e - a javelin
Armour
 b - a +0 leather armour
 c - a +0 helmet (worn)
 l - a +0 ring mail (worn)
 p - a +0 cloak (worn)
 r - a +0 pair of boots (worn)
Scrolls
 h - 2 scrolls of identify {unknown}
 i - a scroll of butterflies {unknown}
 j - a scroll of amnesia {unknown}
 k - a scroll of noise {unknown}
 m - 3 scrolls of enchant weapon {unknown}
 n - a scroll of teleportation {unknown}
 q - a scroll of vulnerability {unknown}
 v - a scroll of poison {unknown}
Potions
 o - 2 potions of lignification {unknown}
 s - 2 potions of heal wounds {unknown}
 t - a potion of flight {unknown}
 u - a potion of curing {unknown}


   Skills:
 + Level 2.8 Fighting
 + Level 1.0 Short Blades
 + Level 4.8 Axes
 + Level 2.0 Throwing
 + Level 1.8 Armour
 + Level 3.1 Dodging


You had 2 spell levels left.
You knew the following spells:

 Your Spells              Type           Power      Damage    Failure   Level
a - Sandblast             Erth           0%         2d4       58%         1

Your spell library contained the following spells:

 Spells                   Type           Power      Damage    Failure   Level
 Passwall                 Tmut/Erth      0%         N/A       75%         2
 Stone Arrow              Conj/Erth      0%         3d7       92%         3
 Summon Forest            Summ/Tloc      0%         N/A       100%        5
 Summon Mana Viper        Hex/Summ       0%         N/A       100%        5
 Summon Cactus Giant      Summ           0%         N/A       100%        6


Dungeon Overview and Level Annotations

Branches:
Dungeon (4/15)
 Temple: D:4-7

Altars:
Fedhas

Annotations:
D:4 Robin


Message History

You closely miss Robin.
You feel very sick. Robin hits you with a +2 mace of venom!
You are lethally poisoned!
Robin misses you.
You sock Robin! You freeze Robin.
Robin is heavily wounded.
You feel very sick. Robin barely misses you.
You closely miss Robin.
Robin is heavily wounded.
* * * LOW HITPOINT WARNING * * *
You feel very sick. Robin misses you.
You hit Robin. You freeze Robin.
Robin is severely wounded.
* * * LOW HITPOINT WARNING * * *
You feel very sick. Robin hits you but does no damage. x2
You are more poisoned.
Robin attacks as you move away! Robin closely misses you.
* * * LOW HITPOINT WARNING * * *
You feel very sick.
The goblin no longer looks unusually strong.
Robin roars a battlecry!
The goblin goes into a battle-frenzy!
Things that are here:
a +0 club; a goblin corpse
Casting: Sandblast (safe; 58% risk of failure)
Confirm with . or Enter, or press ? or * to list all spells.
You don't know that spell.
Unknown command.
Casting: Sandblast (safe; 58% risk of failure)
Confirm with . or Enter, or press ? or * to list all spells.
Aiming: Sandblast (safe; 58% risk of failure)
Press: ? - help, Shift-Dir - straight line, f - Robin
Aim: Robin, wielding a +2 mace of venom, wearing a +2 animal skin and wearing a +0 helmet (severely wounded, 86% to hit)
The blast of sand hits Robin but does no damage.
Robin is severely wounded.
You die...

#.............#
#.......#.#...#
#...#.....#.#.#
### ###.#.#.#.#
###.###.# #
#.).....#
#.#.......#
#.#########.
#.)@)ggggg..
###########.


You could see Robin, 2 hobgoblins and 2 goblins.

Vanquished Creatures
  4 gnolls (D:2)
  An adder (D:2)
  A worm (D:2)
  A dart slug (D:2)
  3 orcs (D:3)
  2 bats (D:1)
  An endoplasm (D:1)
  2 giant cockroaches
  5 goblins
  2 hobgoblins
  5 kobolds
  4 quokkas (D:3)
  6 ball pythons
  A frilled lizard (D:2)
  2 rats
40 creatures vanquished.

Notes
Turn   | Place    | Note
-------+----------+-------------------------------------------
     0 | D:1      | rengeveta the Hill Orc Gladiator began the quest for the
                  | Orb.
     0 | D:1      | Reached XP level 1. HP: 18/18 MP: 1/1
   308 | D:1      | Reached XP level 2. HP: 20/25 MP: 2/2
   488 | D:2      | Found a blossoming altar of Fedhas.
   582 | D:2      | Reached XP level 3. HP: 22/30 MP: 3/3
   601 | D:2      | Reached skill level 1 in Armour
  1246 | D:2      | Reached XP level 4. HP: 37/37 MP: 4/4
  1509 | D:3      | Learned a level 1 spell: Sandblast
  1762 | D:3      | Reached skill level 1 in Short Blades
  1867 | D:3      | Identified the +6 mace "Vuso" {freeze, rC+ rCorr Stlth+}
  2004 | D:4      | Noticed Robin
  2018 | D:4      | Succumbed to Robin's poison

Illustrated notes

Levels and vault maps discovered:
D:1:      lemuel_arrival_room, layout_basic, nrook_mini_backslash,
          minmay_misc_feat_doors
D:2:      layout_loops_cross, basic_altar
D:3:      layout_loops_corners
D:4:      layout_basic, gammafunk_ghost_necromancy, uniq_natasha, uniq_robin,
          uniq_duvessa

Skill      XL: |  1  2  3  4 |
---------------+-------------+-----
Throwing       | 2 |  2.0
Armour         | 1 |  1.8
Dodging        | 3 |  3.1
Short Blades   | 1 |  1.0
Fighting       | |  2.8
Axes           | |  4.8

Action                     |  1- 3 |  4- 6 || total
---------------------------+-------+-------++-------
  Melee: Dagger            |    43 |     4 ||    47
         War axe           |     4 |    30 ||    34
         Punch             |     2 |       ||     2
         Mace              |       |    12 ||    12
   Cast: Sandblast         |       |     1 ||     1
   Stab: Sleeping          |       |     1 ||     1
 Armour: Leather armour    |     6 |       ||     6
         Ring mail         |     4 |    14 ||    18
  Dodge: Dodged            |    15 |    28 ||    43
